 Dungeon Sprint DCSS version 0.17-a0-1711-gc5340a3 (webtiles) character file.

10100000 ztt the Intangible (level 27, -26/323 HPs)
             Began as an Ogre Gladiator on Aug 22, 2015.
             Was the Champion of Makhleb.
             Annihilated by a destroyer
             ... wielding a +9 great sword of slicing
              (87 damage)
             ... in the Dungeon (Sprint VIII: "Arena of Blood").
             The game lasted 00:03:20 (101 turns).

ztt the Intangible (Ogre Gladiator)                  Turns: 101, Time: 00:03:21

Health: -26/323    AC:  5    Str: 37    XL:     27
Magic:  39/54      EV: 21    Int:  7    God:    Makhleb [******]
Gold:   0          SH:  0    Dex: 10    Spells: 0 memorised, 80 levels left

rFire  . . .     SeeInvis .     l - +∞ Axe of Woe
rCold  . . .     Clarity  .     b - +0 robe
rNeg   . . .     SustAt   .     (no shield)
rPois  .         Gourm    .     c - +0 hat
rElec  .         Spirit   .     (no cloak)
rCorr  .         Warding  .     (gloves unavailable)
rMut   .         NoTele   +     (boots unavailable)
MR     ++...                    (no amulet)
Stlth  ++++++....               n - +30 ring of slaying
                                m - +30 ring of slaying

@: very resistant to hostile enchantments, very stealthy
A: unfitting armour, tough skin 1
a: Minor Destruction, Lesser Servant of Makhleb, Major Destruction, Greater
Servant of Makhleb, Renounce Religion


You were in the Dungeon.
You worshipped Makhleb.
Makhleb was exalted by your worship.
You were not hungry.

You visited 1 branch

Inventory:

Hand weapons
 a - a +0 war axe
 l - the +∞ Axe of Woe (weapon)
   (You found it in the Dungeon)
Missiles
 d - 3 throwing nets (quivered)
Armour
 b - a +0 robe (worn)
 c - a +0 hat (worn)
Jewellery
 m - a +30 ring of slaying (left hand)
 n - a +30 ring of slaying (right hand)
Scrolls
 k - a scroll of blinking
Potions
 f - a potion of curing
 g - a potion of heal wounds
 h - a potion of haste
 i - 2 potions of magic
 j - a potion of berserk rage
Comestibles
 e - a bread ration


   Skills:
 O Level 27 Fighting
 O Level 27 Axes
 O Level 27 Throwing
 O Level 27 Armour
 O Level 27 Dodging
 O Level 27 Stealth
 O Level 27 Unarmed Combat
 O Level 27 Spellcasting
 O Level 27 Invocations


You had 80 spell levels left.
You didn't know any spells.

Dungeon Overview and Level Annotations

Branches:
Dungeon (1/1)

Altars:
Makhleb


Innate Abilities, Weirdness & Mutations

You are too large for most types of armour.
You have tough skin (AC +1).


Message History

The destroyer blinks!
You hear a shout! x2
The dread calls on the powers of darkness!
Your body is wracked with pain!
The bag of meat convulses!
The accursed gestures at you while chanting.
Something smites you!
The dread calls on the powers of darkness!
The bag of meat convulses!
Your body is wracked with pain!
* * * LOW HITPOINT WARNING * * *
Unknown command.
You are too injured to fight recklessly!
Unknown command.
Unknown command.
You hear a shout! x2
You feel something staring at you. Something smites you!
* * * LOW HITPOINT WARNING * * *
You hear a shout! x4
The destroyer hits you with a +9 great sword of slicing!!!!
You die...

................
#...............
#..........W...
..........%...
............
#)..2...# #)2)....#
..
...###)))).))###...
.....ox@###).......
#.....)V§_)))......
....§.#))))%#......
...W..#M%<)_#....%.
.§M...#.%...# .....
#........_..O......
........###%......§
...###.%. ...###..O
#.. ...#


You could see 2 accurseds, a meat beast, a reaper, a destroyer, 2 dreads, a meat
berserker (berserk) and a bag of meat.

Vanquished Creatures
  Sigmund (D)
  10 hell beasts (D)
  2 greater mummies (D)
  2 wraiths (D)
  12 vampire knights (D)
  25 ogres (D)
  6 liches (D)
  47 orcs (D)
  5 phantoms (D)
  9 hill giants (D)
  8 skeletal warriors (D)
  4 large abominations (D)
  4 small abominations (D)
  12 crawling corpses (D)
147 creatures vanquished.

Vanquished Creatures (others)
  A small abomination (D)
  5 crawling corpses (D)
6 creatures vanquished.

Grand Total: 153 creatures vanquished

Notes
Turn   | Place    | Note
--------------------------------------------------------------
     0 | D        | ztt the Ogre Gladiator began the quest for the Orb.
     0 | D        | Reached XP level 1. HP: 22/22 MP: 1/1
     3 | D        | Noticed a bag of meat
     4 | D        | Became a worshipper of Makhleb the Destroyer
     5 | D        | Noticed a meat berserker
     5 | D        | Noticed a meat berserker
     5 | D        | Noticed a bag of meat
     6 | D        | Killed a meat berserker
     6 | D        | Reached skill level 15 in Fighting
     6 | D        | Reached skill level 16 in Axes
     6 | D        | Reached skill level 18 in Dodging
     6 | D        | Reached XP level 2. HP: 26/57 MP: 2/2
     6 | D        | Reached XP level 3. HP: 29/65 MP: 3/3
     6 | D        | Reached XP level 4. HP: 33/74 MP: 4/4
     6 | D        | Reached XP level 5. HP: 36/81 MP: 5/5
     6 | D        | Reached XP level 6. HP: 40/91 MP: 6/6
     6 | D        | Reached XP level 7. HP: 43/98 MP: 7/7
     6 | D        | Reached XP level 8. HP: 46/107 MP: 8/8
     6 | D        | Reached XP level 9. HP: 49/115 MP: 9/9
     6 | D        | Reached XP level 10. HP: 53/126 MP: 10/10
     6 | D        | Reached XP level 11. HP: 55/133 MP: 11/11
     6 | D        | Reached XP level 12. HP: 59/143 MP: 12/12
     6 | D        | Reached XP level 13. HP: 61/150 MP: 13/13
     7 | D        | Killed a meat berserker
     7 | D        | Acquired Makhleb's first power
     7 | D        | Reached skill level 19 in Axes
     7 | D        | Reached skill level 21 in Dodging
     7 | D        | Reached XP level 14. HP: 125/169 MP: 14/14
     8 | D        | Noticed a meat berserker
     8 | D        | Killed a bag of meat
     8 | D        | Reached skill level 15 in Throwing
     8 | D        | Reached skill level 22 in Dodging
     8 | D        | Reached XP level 15. HP: 131/180 MP: 15/15
     8 | D        | Killed a bag of meat
     8 | D        | Acquired Makhleb's second power
     8 | D        | Reached skill level 23 in Dodging
    12 | D        | Noticed a bag of meat
    12 | D        | Killed a meat berserker
    12 | D        | Reached skill level 24 in Dodging
    12 | D        | Reached XP level 16. HP: 192/197 MP: 16/16
    13 | D        | Noticed a meat berserker
    14 | D        | Noticed a bag of meat
    14 | D        | Noticed a bag of meat
    16 | D        | Noticed a bag of meat
    16 | D        | Noticed a meat berserker
    16 | D        | Noticed a meat berserker
    17 | D        | Noticed a meat berserker
    17 | D        | Killed a meat berserker
    17 | D        | Acquired Makhleb's third power
    17 | D        | Reached skill level 26 in Dodging
    17 | D        | Reached XP level 17. HP: 205/210 MP: 17/17
    18 | D        | Noticed a bag of meat
    18 | D        | Noticed a bag of meat
    18 | D        | Noticed a meat berserker
    18 | D        | Killed a meat berserker
    18 | D        | Reached skill level 27 in Dodging
    19 | D        | Killed a meat berserker
    19 | D        | Reached skill level 27 in Axes
    19 | D        | Reached XP level 18. HP: 225/235 MP: 18/18
    20 | D        | Noticed a bag of meat
    20 | D        | Killed a bag of meat
    20 | D        | Acquired Makhleb's fourth power
    20 | D        | Reached skill level 27 in Fighting
    20 | D        | Killed a bag of meat
    20 | D        | Reached skill level 15 in Stealth
    21 | D        | Noticed a large bag of meat
    21 | D        | Noticed a meat berserker
    21 | D        | Killed a meat berserker
    21 | D        | Reached XP level 19. HP: 245/245 MP: 19/19
    22 | D        | Noticed a bag of meat
    22 | D        | Noticed a meat berserker
    22 | D        | Killed a bag of meat
    22 | D        | Acquired Makhleb's fifth power
    22 | D        | Killed a meat berserker
    22 | D        | Reached skill level 27 in Throwing
    22 | D        | Reached XP level 20. HP: 256/256 MP: 20/20
    23 | D        | Noticed a bag of meat
    23 | D        | Noticed a bag of meat
    23 | D        | Noticed a bag of meat
    23 | D        | Noticed a bag of meat
    24 | D        | Noticed a bag of meat
    24 | D        | Noticed a meat berserker
    24 | D        | Killed a bag of meat
    24 | D        | Reached skill level 5 in Armour
    24 | D        | Reached skill level 27 in Stealth
    24 | D        | Reached skill level 5 in Unarmed Combat
    24 | D        | Killed a bag of meat
    25 | D        | Noticed a large bag of meat
    25 | D        | Noticed a meat berserker
    25 | D        | Noticed a large bag of meat
    26 | D        | Killed a bag of meat
    26 | D        | Reached skill level 10 in Armour
    26 | D        | Killed a meat berserker
    26 | D        | Reached XP level 21. HP: 265/265 MP: 20/41
    26 | D        | Killed a bag of meat
    26 | D        | Reached skill level 15 in Unarmed Combat
    27 | D        | Noticed a meat berserker
    27 | D        | Killed a meat berserker
    27 | D        | Killed a meat berserker
    29 | D        | Noticed a large bag of meat
    29 | D        | Killed a bag of meat
    29 | D        | Reached XP level 22. HP: 275/275 MP: 21/48
    29 | D        | Noticed a bag of meat
    30 | D        | Killed a bag of meat
    30 | D        | Reached skill level 27 in Invocations
    30 | D        | Killed a bag of meat
    31 | D        | Killed a meat berserker
    31 | D        | Killed a meat berserker
    31 | D        | Reached skill level 27 in Spellcasting
    31 | D        | Reached XP level 23. HP: 284/284 MP: 21/54
    32 | D        | Noticed a destroyer
    32 | D        | Killed a bag of meat
    33 | D        | Noticed a large bag of meat
    33 | D        | Noticed a bag of meat
    33 | D        | Noticed a bag of meat
    33 | D        | Noticed a bag of meat
    33 | D        | Noticed a bag of meat
    33 | D        | Noticed a bag of meat
    34 | D        | Noticed a large bag of meat
    34 | D        | Killed a bag of meat
    34 | D        | Killed a large bag of meat
    34 | D        | Reached skill level 27 in Unarmed Combat
    35 | D        | Noticed a bag of meat
    35 | D        | Noticed a sculptor of flesh
    36 | D        | Killed a large bag of meat
    36 | D        | Killed a bag of meat
    36 | D        | Reached skill level 27 in Armour
    36 | D        | Killed a large bag of meat
    37 | D        | Noticed a bag of meat
    37 | D        | Killed a bag of meat
    37 | D        | Reached XP level 24. HP: 295/295 MP: 23/54
    38 | D        | Noticed a meat berserker
    38 | D        | Noticed a destroyer
    38 | D        | Killed a bag of meat
    38 | D        | Killed a bag of meat
    39 | D        | Noticed a destroyer
    39 | D        | Killed a bag of meat
    40 | D        | Noticed a bag of meat
    40 | D        | Noticed a meat berserker
    41 | D        | Killed a large bag of meat
    41 | D        | Killed a bag of meat
    42 | D        | Noticed a meat berserker
    42 | D        | Noticed a sculptor of flesh
    42 | D        | Killed a bag of meat
    42 | D        | Killed a destroyer
    42 | D        | Reached XP level 25. HP: 304/304 MP: 24/54
    43 | D        | Noticed a destroyer
    44 | D        | Noticed a bag of meat
    44 | D        | Killed a destroyer
    45 | D        | Noticed a destroyer
    46 | D        | Noticed a bag of meat
    46 | D        | Noticed a destroyer
    46 | D        | Killed a destroyer
    46 | D        | Killed a meat berserker
    46 | D        | Reached XP level 26. HP: 314/314 MP: 25/54
    47 | D        | Noticed a meat berserker
    47 | D        | Killed a bag of meat
    47 | D        | Killed a meat berserker
    48 | D        | Noticed a bag of meat
    48 | D        | Killed a destroyer
    48 | D        | Killed a meat berserker
    48 | D        | Reached XP level 27. HP: 323/323 MP: 25/54
    48 | D        | Killed a destroyer
    48 | D        | Killed a bag of meat
    49 | D        | Noticed a tyrant
    49 | D        | Killed a sculptor of flesh
    50 | D        | Noticed a bag of meat
    50 | D        | Noticed a bag of meat
    50 | D        | Noticed a large bag of meat
    52 | D        | Noticed a bag of meat
    52 | D        | Noticed a bag of meat
    52 | D        | Noticed a sculptor of flesh
    52 | D        | Noticed a destroyer
    53 | D        | Noticed a meat berserker
    53 | D        | Noticed a sculptor of flesh
    53 | D        | Killed a destroyer
    54 | D        | Noticed a sculptor of flesh
    54 | D        | Killed a meat berserker
    55 | D        | Killed a bag of meat
    55 | D        | Noticed a bag of meat
    56 | D        | Noticed a large bag of meat
    56 | D        | Killed a bag of meat
    57 | D        | Noticed a bag of meat
    57 | D        | Killed a bag of meat
    58 | D        | Killed a meat berserker
    59 | D        | Noticed a bag of meat
    59 | D        | Noticed a tyrant
    59 | D        | Killed a large bag of meat
    60 | D        | Killed a sculptor of flesh
    60 | D        | Killed a bag of meat
    60 | D        | Killed a tyrant
    61 | D        | Killed a bag of meat
    62 | D        | Noticed a bag of meat
    62 | D        | Killed a bag of meat
    63 | D        | Noticed a destroyer
    63 | D        | Noticed a large bag of meat
    63 | D        | Noticed a destroyer
    63 | D        | Killed a bag of meat
    64 | D        | Noticed a meat berserker
    64 | D        | Killed a bag of meat
    64 | D        | Killed a sculptor of flesh
    65 | D        | Killed a large bag of meat
    65 | D        | Killed a destroyer
    66 | D        | Noticed a bag of meat
    66 | D        | Noticed a sculptor of flesh
    66 | D        | Noticed a tyrant
    66 | D        | Killed a tyrant
    66 | D        | Killed a bag of meat
    66 | D        | Killed a destroyer
    67 | D        | Noticed a meat beast
    67 | D        | Noticed a destroyer
    68 | D        | Noticed an accursed
    68 | D        | Killed a sculptor of flesh
    69 | D        | Noticed a bag of meat
    69 | D        | Killed a destroyer
    69 | D        | Killed a meat berserker
    70 | D        | Noticed a meat beast
    70 | D        | Killed a bag of meat
    70 | D        | Killed a bag of meat
    71 | D        | Noticed a meat beast
    71 | D        | Killed a destroyer
    71 | D        | Killed a large bag of meat
    71 | D        | Killed a meat beast
    72 | D        | Noticed a large bag of meat
    72 | D        | Killed a large bag of meat
    73 | D        | Noticed a sculptor of flesh
    73 | D        | Noticed a meat berserker
    73 | D        | Killed a meat beast
    74 | D        | Noticed a meat berserker
    74 | D        | Killed a meat beast
    74 | D        | Killed a tyrant
    75 | D        | Noticed a meat berserker
    75 | D        | Noticed a bag of meat
    75 | D        | Noticed a bag of meat
    75 | D        | Noticed a tyrant
    75 | D        | Noticed an accursed
    75 | D        | Noticed a dread
    75 | D        | Noticed a meat beast
    75 | D        | Noticed a meat beast
    76 | D        | Noticed a meat berserker
    76 | D        | Killed a meat beast
    77 | D        | Noticed a sculptor of flesh
    77 | D        | Noticed a meat beast
    77 | D        | Noticed a destroyer
    77 | D        | Noticed a meat berserker
    77 | D        | Noticed a meat beast
    77 | D        | Noticed a meat berserker
    77 | D        | Noticed a bag of meat
    77 | D        | Killed a bag of meat
    77 | D        | Killed a bag of meat
    78 | D        | Noticed a bag of meat
    78 | D        | Noticed a meat berserker
    78 | D        | Killed a destroyer
    78 | D        | Killed a tyrant
    79 | D        | Noticed a tyrant
    79 | D        | Killed a meat beast
    79 | D        | Killed a meat berserker
    79 | D        | Killed a sculptor of flesh
    80 | D        | Noticed a bag of meat
    80 | D        | Noticed a destroyer
    80 | D        | Killed a meat beast
    80 | D        | Killed a dread
    80 | D        | Killed a sculptor of flesh
    81 | D        | Noticed a dread
    81 | D        | Killed a meat beast
    82 | D        | Noticed a bag of meat
    82 | D        | Noticed a meat beast
    82 | D        | Killed a meat beast
    83 | D        | Noticed a bag of meat
    83 | D        | Noticed The Captor
    83 | D        | Killed a meat berserker
    83 | D        | Killed a meat berserker
    83 | D        | Noticed a meat beast
    83 | D        | Noticed a meat beast
    84 | D        | Noticed a bag of meat
    84 | D        | Killed a meat berserker
    84 | D        | Noticed a tyrant
    85 | D        | Killed a meat berserker
    86 | D        | Noticed a bag of meat
    86 | D        | Killed a large bag of meat
    86 | D        | Killed a destroyer
    86 | D        | Killed a wretched soul
    87 | D        | Noticed a bag of meat
    87 | D        | Killed a bag of meat
    87 | D        | Killed a bag of meat
    87 | D        | Killed a meat berserker
    88 | D        | Killed a bag of meat
    88 | D        | Killed a sculptor of flesh
    88 | D        | Killed a meat beast
    89 | D        | Noticed a dread
    89 | D        | Killed a meat beast
    90 | D        | Noticed a bag of meat
    91 | D        | Killed a sculptor of flesh
    91 | D        | Killed a dread
    91 | D        | Killed an accursed
    93 | D        | Killed a wretched soul
    93 | D        | Killed a bag of meat
    93 | D        | Killed a bag of meat
    94 | D        | Killed a bag of meat
    94 | D        | Killed a tyrant
    94 | D        | Killed a bag of meat
    95 | D        | Noticed a dread
    95 | D        | HP: 16/323 [bag of meat/+9 war axe (38)]
    95 | D        | HP: 7/323 [reaper/scythe of freezing[an accursed's death curse] (9)]
    95 | D        | HP: 3/323 [reaper/scythe of freezing[an accursed's death curse] (4)]
    96 | D        | Noticed an accursed
    96 | D        | Killed a bag of meat
    96 | D        | Killed The Captor
    97 | D        | Noticed a destroyer
    97 | D        | Killed an accursed
    97 | D        | Killed a wretched soul
    97 | D        | Killed a bag of meat
    97 | D        | Killed a wretched soul
    98 | D        | Killed a bag of meat
    99 | D        | Noticed an accursed
    99 | D        | Noticed a meat beast
    99 | D        | Killed a bag of meat
    99 | D        | Killed a wretched soul
   100 | D        | Killed a tyrant
   101 | D        | Annihilated by a destroyer

Vault maps used:
D:        meatsprint

Action                   |  1- 3 |  4- 6 |  7- 9 | 10-12 | 13-15 | 16-18 | 19-21 | 22-24 | 25-27 || total
-------------------------+-------+-------+-------+-------+-------+-------+-------+-------+-------++-------
Melee: Executioner's axe |     1 |       |       |       |     3 |     5 |     5 |    10 |    53 ||    77
Invok: Greater Servant o |       |       |       |       |       |       |     1 |     1 |       ||     2
